 Dungeon Crawl Stone Soup version 0.30.0-30-g96aa6591b8 (webtiles) character file.

Game seed: 8820292245423558342

45751 Peloso the Carver (level 14, 0/126 HPs)
             Began as a Minotaur Fighter on June 26, 2023.
             Was a High Priest of Okawaru.
             Slain by a blink frog (11 damage)
             ... on level 5 of the Lair of Beasts.
             The game lasted 00:41:18 (18681 turns).

Peloso the Carver (Minotaur Fighter)               Turns: 18681, Time: 00:41:19

Health: 0/126      AC: 18    Str: 23    XL:     14   Next: 2%
Magic:  14/14      EV: 11    Int:  5    God:    Okawaru [*****.]
Gold:   910        SH: 12    Dex: 13    Spells: 13/13 levels left

rFire   + . .        a - +1 scimitar (flame)
rCold   + . .        d - +0 buckler
rNeg    . . .        n - +4 chain mail
rPois   .            (helmet restricted)
rElec   .            E - scarf {rC+ rF+}
rCorr   .            (no gloves)
SInv    +            p - +0 pair of boots
Will    +....        R - amulet of reflection Stlth
                     I - ring of see invisible
HPRegen 0.41/turn    v - +4 ring of slaying
MPRegen 0.14/turn

%: reflection
@: no status effects
A: horns 2, retaliatory headbutt
a: Renounce Religion, Heroism, Finesse, Duel


You were on level 5 of the Lair of Beasts.
You worshipped Okawaru.
Okawaru was extremely pleased with you.
You visited 3 branches of the dungeon, and saw 19 of its levels.
You also visited: Sewer and Bailey.

You collected 990 gold pieces.
You spent 80 gold pieces at shops.

Inventory:

Hand Weapons
 a - a +1 scimitar of flaming (weapon)
 b - the +4 hand axe of Upheaval {vamp, rElec rPois}
   (You found it on level 4 of the Dungeon)

   rElec:     It insulates you from electricity.
   rPois:     It protects you from poison.
Armour
 d - a +0 buckler (worn)
 n - a +4 chain mail (worn)
 p - a +0 pair of boots (worn)
 x - a +2 scale mail of fire resistance
 E - a scarf of resistance (worn)
 S - the +5 ring mail of the Camelopard {rPois rCorr MP+9}
   (Okawaru gifted it to you on level 12 of the Dungeon)

   rPois:     It protects you from poison.
   MP:        It affects your magic capacity (+9).
   rCorr:     It protects you from acid and corrosion.
Jewellery
 c - a ring of positive energy
 g - a ring of fire
 l - a ring of resist corrosion
 r - the ring of the Sheltering Enemy {Drain Will++ SInv}
   (You found it in a bailey)

   [ring of see invisible]

   SInv:      It lets you see invisible.
   Drain:     It drains your maximum health when unequipped.
   Will:      It greatly increases your willpower.
 v - a +4 ring of slaying (right hand)
 z - a ring of positive energy
 H - an amulet of guardian spirit
 I - a ring of see invisible (left hand)
 R - an amulet of reflection (around neck)
 U - a +6 ring of intelligence
 V - a +4 ring of protection
 X - a +6 ring of intelligence
 Z - a ring of protection from cold
Wands
 B - a wand of polymorph (4)
 C - a wand of iceblast (8)
 J - a wand of quicksilver (12)
 K - a wand of flame (14)
 T - a wand of mindburst (15)
 Y - a wand of digging (5)
Scrolls
 e - 8 scrolls of teleportation
 m - 4 scrolls of amnesia
 o - 3 scrolls of poison
 q - 3 scrolls of enchant armour
 s - 4 scrolls of summoning
 u - 5 scrolls of blinking
 y - 3 scrolls of enchant weapon
 A - 3 scrolls of fog
 D - 2 scrolls of magic mapping
 F - 7 scrolls of identify
 P - 2 scrolls of fear
 Q - 4 scrolls of immolation
Potions
 f - 4 potions of resistance
 h - 2 potions of magic
 i - 8 potions of curing
 j - 5 potions of mutation
 k - a potion of heal wounds
 t - a potion of experience
 w - a potion of invisibility
 G - a potion of haste
 M - 2 potions of flight
 N - 2 potions of brilliance
 O - a potion of might
Miscellaneous
 L - a phial of floods
 W - a box of beasts


   Skills:
 + Level 12.2 Fighting
 + Level 14.2 Long Blades
 + Level 12.3 Axes
 + Level 13.9 Armour
 + Level 6.6 Dodging
 + Level 2.2 Stealth
 + Level 12.2 Shields
 + Level 0.8 Unarmed Combat
 + Level 1.5 Invocations
 + Level 0.9 Evocations


You had 13 spell levels left.
You didn't know any spells.
Your spell library contained the following spells:

 Spells                   Type           Power      Damage    Failure   Level
 Magic Dart               Conj           0%         1d3       93%         1
 Necrotise                Necr           0%         1d4       93%         1
 Sting                    Tmut/Pois      0%         1d3       93%         1
 Poisonous Vapours        Pois/Air       0%         N/A       98%         2
 Searing Ray              Conj           0%         2d4       98%         2
 Inner Flame              Hex/Fire       0%         N/A       100%        3
 Vampiric Draining        Necr           0%         2d6       100%        3
 Volatile Blastmotes      Fire/Tloc      0%         2d10      100%        3
 Anguish                  Hex/Necr       0%         N/A       100%        4
 Cause Fear               Hex            0%         N/A       100%        4
 Flame Wave               Conj/Fire      0%         2d4       100%        4
 Fulminant Prism          Conj/Hex       0%         3d5       100%        4
 Iskenderun's Mystic Bla  Conj/Tloc      0%         2d3       100%        4
 Olgreb's Toxic Radiance  Pois           0%         N/A       100%        4
 Sticky Flame             Conj/Fire      0%         2d3       100%        4
 Agony                    Necr           0%         N/A       100%        5
 Lee's Rapid Deconstruct  Erth           0%         3d4*      100%        5
 Enfeeble                 Hex            0%         N/A       100%        7
 Discord                  Hex            0%         N/A       100%        8
 Ignition                 Fire           0%         3d3       100%        8


Dungeon Overview and Level Annotations

Branches:
Dungeon (14/15)            Temple (1/1) D:7            Lair (3/5) D:8
 Shoals (0/4) Lair:2       Spider (0/4) Lair:3        Slime (0/5) Lair:5
    Orc (0/2) D:9          Vaults (0/5) D:14          Sewer (visited)
 Bailey (visited)

Altars:
Ashenzari
Dithmenos
Fedhas
Gozag
Hepliaklqana
Kikubaaqudgha
Makhleb
Okawaru
Ru
Sif Muna
Trog
Uskayaw
Vehumet
Wu Jian
Xom
Yredelemnul
Zin
The Shining One

Shops:
D:9 [   D:10 *

Annotations:
D:3 2 transporters, ANNNA's ghost, amateur DrIE
D:6 2 transporters
D:13 1 transporter, qdestroyer's ghost, journeyman MiFi


Innate Abilities, Weirdness & Mutations

You have a pair of horns on your head.
You reflexively headbutt those who attack you in melee.


Message History

The water moccasin misses you.
Found a scroll of teleportation.
Found a stone staircase leading up.
The blink frog blinks!
You block the water moccasin's attack.
The blink frog blinks!
You block the water moccasin's attack. You block the blink frog's attack.
The blink frog hits you but does no damage.
The blink frog attacks as you move away!
The blink frog completely misses you. You furiously retaliate!
You headbutt the blink frog! You block the wyvern's attack.
The blink frog blinks!
You block the blink frog's attack. The wyvern bites you.
* * * LOW HITPOINT WARNING * * *
The blink frog attacks as you move away!
You block the blink frog's attack.
The wyvern bites you but does no damage.
You block the blink frog's attack.
The water moccasin bites you but does no damage.
The blink frog blinks!
The blink frog hits you!
* * * LOW HITPOINT WARNING * * *
The wyvern bites you but does no damage.
The blink frog hits you but does no damage.
The wyvern attacks as you move away! You block the wyvern's attack.
The blink frog hits you!
* * * LOW HITPOINT WARNING * * *
You slice the water moccasin!! You burn the water moccasin.
The water moccasin is almost dead.
You block the water moccasin's attack. You block the wyvern's attack.
A blink frog comes into view.
Unknown command.
The blink frog gives a loud, deep croak!
You hit the water moccasin. You burn the water moccasin.
You kill the water moccasin!
Okawaru accepts your kill. You block the wyvern's attack.
The blink frog barely misses you.
The blink frog blinks!
You block the wyvern's attack.
Unknown command.
You miss the blink frog. Your headbutt misses the blink frog.
The blink frog is heavily wounded.
The blink frog hits you!
You die...

*,,,,* ****,,,*,,*,,,,,,,,,,,,
**#..###.P..?........,,,,,,,,,
###.P.#P.......#.....,,,,,,,,,
#P.............#.....,,,,,,,,,
#P..?.P..............,,,,,,,,,
#.....#.......F.....#,,,,,,,,,
#....................,,,,,,*,,
#?..........lF....#*,*,,,,,,,,
#...........F@...#*******,*,,,
*#..........ยง..<.# **,**,,
#............$..# ****,,,,,,
**##............#.#***,***,**,,
*,*#...#........###*,*,,*,,**,,
*#.#...##.....!.#**,,,,,,,,,,,,
*#.......#...F##,,,,,,,,,,,,,,
##............,,,,,,,,,,,,,,,
#.............,,,,,,,,,,,,,**


You could see 4 blink frogs and a wyvern.

Vanquished Creatures
  Snorg (D:10)
  2 hydras (Lair:3)
  4 centaur warriors
  Erica (D:9)
  A boulder beetle (D:11)
  A death knight (D:13)
  A two-headed ogre (D:14)
  Urug (D:13)
  A tengu warrior (D:14)
  Sonja (D:10)
  4 skeletal warriors
  A phantasmal warrior (D:13)
  6 deep elf pyromancers
  2 orc knights
  2 manticores
  3 cyclopes
  2 ugly things
  3 elephants (Lair:3)
  A black mamba (Lair:1)
  3 unseen horrors
  A gargoyle (D:11)
  10 rime drakes (Lair:3)
  A cane toad (Lair:3)
  2 kobold demonologists
  4 komodo dragons
  5 trolls
  3 meliai (D:14)
  A polar bear (Lair:2)
  13 blink frogs (Lair:2)
  9 slime creatures
  7 wyverns
  A vampire (D:10)
  2 shadows
  A wraith (D:13)
  4 basilisks (Lair:3)
  27 yaks
  6 vampire mosquitoes (D:13)
  3 steam dragons
  2 acid dragons
  Edmund (D:5)
  2 hell hounds (Lair:3)
  7 water moccasins
  5 black bears
  13 orc warriors
  3 sky beasts (D:7)
  2 ice beasts
  3 ogres
  3 wolves (Lair:2)
  14 centaurs
  A phantom (D:5)
  7 kobold brigands
  8 bullfrogs
  A scorpion (D:6)
  A gnoll sergeant (D:8)
  3 wights (D:6)
  24 killer bees
  7 howler monkeys
  5 orc priests
  5 jellies
  4 gnoll boudas (D:7)
  4 hounds (D:5)
  6 iguanas
  2 sleepcaps
  Ijyb (D:5)
  3 orc wizards
  2 hell rats (Lair:3)
  17 gnolls
  18 adders
  9 river rats
  A shadow imp (D:5)
  An ufetubus (D:7)
  4 worms
  2 dart slugs
  34 orcs
  6 bats
  9 endoplasms
  2 giant cockroaches
  2 goblins
  5 hobgoblins
  8 jackals
  7 quokkas
  12 ball pythons
  5 frilled lizards
  28 kobolds
  27 rats
477 creatures vanquished.

Vanquished Creatures (others)
  A white imp (D:7)
1 creature vanquished.

Grand Total: 478 creatures vanquished

Notes
Turn   | Place    | Note
-------+----------+-------------------------------------------
     0 | D:1      | Peloso the Minotaur Fighter began the quest for the Orb.
     0 | D:1      | Reached XP level 1. HP: 19/19 MP: 0/0
   242 | D:1      | Reached XP level 2. HP: 27/27 MP: 1/1
   806 | D:2      | Reached XP level 3. HP: 30/33 MP: 2/2
   807 | D:2      | Reached skill level 3 in Long Blades
   868 | D:2      | Identified the +1 scale mail of the Two of Cups {Int+4}
  1344 | D:2      | Reached XP level 4. HP: 38/40 MP: 3/3
  2155 | D:3      | Noticed ANNNA's ghost (amateur DrIE)
  2168 | D:3      | Found a transporter.
  2174 | D:3      | Found a transporter.
  2418 | D:3      | Reached skill level 4 in Long Blades
  2440 | D:3      | Reached skill level 1 in Dodging
  2440 | D:3      | Reached XP level 5. HP: 43/46 MP: 4/4
  2456 | D:3      | Found a glowing drain.
  2463 | Sewer    | Entered a sewer
  2521 | Sewer    | Reached skill level 5 in Armour
  2854 | Sewer    | Reached XP level 6. HP: 11/53 MP: 5/5
  2857 | Sewer    | Reached skill level 5 in Shields
  3353 | D:3      | Reached skill level 5 in Long Blades
  4563 | D:4      | Reached skill level 5 in Fighting
  4563 | D:4      | Reached XP level 7. HP: 11/61 MP: 6/6
  4811 | D:4      | Reached skill level 6 in Long Blades
  5025 | D:4      | Identified the +4 hand axe of Upheaval {vamp, rElec rPois}
  5184 | D:5      | Entered Level 5 of the Dungeon
  5191 | D:5      | Noticed Edmund
  5195 | D:5      | Killed Edmund
  5260 | D:5      | Reached skill level 1 in Axes
  5424 | D:5      | Noticed Ijyb
  5513 | D:5      | Reached skill level 1 in Stealth
  5513 | D:5      | Reached XP level 8. HP: 69/69 MP: 7/7
  5564 | D:5      | Killed Ijyb
  5900 | D:5      | Reached skill level 7 in Long Blades
  6033 | D:5      | Identified the +0 leather armour of Twilight {rF++ Stlth-}
  6726 | D:6      | Reached skill level 5 in Axes
  6731 | D:6      | Reached XP level 9. HP: 77/77 MP: 8/8
  6852 | D:6      | Found a transporter.
  6853 | D:6      | Noticed an orc sorcerer
  6855 | D:6      | Noticed a kobold demonologist
  6870 | D:6      | Found a transporter.
  7651 | D:7      | Reached XP level 10. HP: 73/86 MP: 9/9
  7731 | D:7      | Found a flagged portal.
  7749 | Bailey   | Entered a bailey
  7893 | Bailey   | Found a large runed translucent door.
  7893 | Bailey   | Found a large runed translucent door.
  7894 | Bailey   | Noticed an orc knight
  7894 | Bailey   | Noticed a deep elf pyromancer
  7931 | Bailey   | Killed an orc knight
  7932 | Bailey   | Reached skill level 10 in Armour
  7939 | Bailey   | Reached skill level 10 in Axes
  8138 | Bailey   | Killed a deep elf pyromancer
  8139 | Bailey   | Reached skill level 5 in Dodging
  8147 | Bailey   | Identified the ring of the Sheltering Enemy {Drain Will++
                  | SInv}
  8232 | D:7      | Identified the +5 spear "Tisumis" {freeze, rElec Int+2}
  8279 | D:7      | Found a staircase to the Ecumenical Temple.
  8289 | Temple   | Entered the Ecumenical Temple
  8309 | Temple   | Became a worshipper of Warmaster Okawaru
  9021 | D:8      | Found a staircase to the Lair.
  9105 | D:8      | Identified the +7 dagger of the Yoke {pain, rC+ rCorr
                  | Dex-5}
  9608 | D:9      | Noticed Erica
  9636 | D:9      | Killed Erica
  9636 | D:9      | Reached * piety under Okawaru
  9798 | D:9      | Found Elubob's Armour Shop.
  9806 | D:9      | Found a staircase to the Orcish Mines.
  9810 | D:9      | Reached XP level 11. HP: 74/95 MP: 10/10
 10422 | D:9      | Found a blossoming altar of Fedhas.
 10422 | D:9      | Found a bloodstained altar of Trog.
 10422 | D:9      | Found a basalt altar of Yredelemnul.
 10514 | D:9      | Reached ** piety under Okawaru
 10950 | D:10     | Entered Level 10 of the Dungeon
 10979 | D:10     | Found Kacunuh's Fire Supplies.
 10987 | D:10     | Bought 2 scrolls of immolation for 80 gold pieces
 11313 | D:10     | Reached skill level 8 in Long Blades
 11351 | D:10     | Reached *** piety under Okawaru
 11705 | D:10     | Noticed Sonja
 11710 | D:10     | Killed Sonja
 12053 | D:10     | Noticed Snorg
 12063 | D:10     | Killed Snorg
 12305 | D:11     | Noticed a boulder beetle
 12318 | D:11     | Killed a boulder beetle
 12319 | D:11     | Reached skill level 9 in Long Blades
 12328 | D:11     | You fall into a shaft and drop 3 floors!
 12339 | D:14     | Noticed a deep elf pyromancer
 12353 | D:14     | Killed a deep elf pyromancer
 12355 | D:14     | Noticed a tengu warrior
 12367 | D:14     | Killed a tengu warrior
 12389 | D:14     | Noticed a two-headed ogre
 12399 | D:14     | Killed a two-headed ogre
 12399 | D:14     | Reached **** piety under Okawaru
 12447 | D:14     | Noticed a centaur warrior
 12458 | D:14     | Killed a centaur warrior
 12459 | D:14     | Reached skill level 1 in Invocations
 12459 | D:14     | Reached XP level 12. HP: 86/106 MP: 11/11
 12891 | D:14     | Noticed a centaur warrior
 12898 | D:14     | Killed a centaur warrior
 12899 | D:14     | Reached skill level 10 in Fighting
 12907 | D:14     | Found a gate to the Vaults.
 12907 | D:14     | Noticed a vault guard
 12907 | D:14     | Noticed a vault guard
 12907 | D:14     | Noticed a vault guard
 12907 | D:14     | Noticed a vault guard
 12907 | D:14     | Noticed a vault guard
 12907 | D:14     | Noticed a vault guard
 12907 | D:14     | Noticed a vault guard
 12912 | D:14     | Noticed a vault guard
 13038 | D:13     | Reached skill level 10 in Long Blades
 13051 | D:13     | Noticed Urug
 13060 | D:13     | Killed Urug
 13393 | D:13     | Noticed a tengu warrior
 13393 | D:13     | Noticed a tengu warrior
 13393 | D:13     | Noticed a two-headed ogre
 13394 | D:13     | Noticed qdestroyer's ghost (journeyman MiFi)
 13395 | D:13     | Found a bloodstained altar of Trog.
 13395 | D:13     | Noticed a two-headed ogre
 13417 | D:13     | Noticed a stone giant
 13424 | D:13     | Found a transporter.
 13436 | D:13     | Reached skill level 11 in Long Blades
 13437 | D:13     | Noticed a death knight
 13447 | D:13     | Killed a death knight
 13644 | D:13     | Noticed a centaur warrior
 13656 | D:13     | Reached ***** piety under Okawaru
 13661 | D:13     | Killed a centaur warrior
 14235 | D:12     | Reached skill level 10 in Shields
 14241 | D:12     | Identified the +5 ring mail of the Camelopard {rPois rCorr
                  | MP+9} (Okawaru gifted it to you on level 12 of the Dungeon)
 14241 | D:12     | Received a gift from Okawaru
 14242 | D:12     | Reached skill level 12 in Long Blades
 14531 | D:12     | Reached XP level 13. HP: 56/116 MP: 10/13
 16642 | Lair:1   | Entered Level 1 of the Lair of Beasts
 17506 | Lair:2   | Reached skill level 13 in Long Blades
 17712 | Lair:2   | Found a staircase to the Shoals.
 18628 | Lair:3   | Reached skill level 14 in Long Blades
 18631 | Lair:3   | Received a gift from Okawaru
 18648 | Lair:3   | Reached XP level 14. HP: 45/126 MP: 14/14
 18666 | Lair:3   | You fall into a shaft and drop 2 floors!
 18666 | Lair:5   | Entered Level 5 of the Lair of Beasts
 18681 | Lair:5   | Slain by a blink frog

Illustrated notes

Levels and vault maps discovered:
D:1:      denvon_arrival_planthouse, layout_basic
D:2:      minmay_razor_zed, layout_basic
D:3:      layout_basic, gammafunk_ghost_arena, lightli_sewer_entry_pipes,
          supply_closet_lemuel, kennysheep_minor_cross
D:4:      layout_cave_pods
D:5:      minmay_evil_eye, layout_layer_cave, hex_medium, uniq_ijyb, uniq_edmund
D:6:      gammafunk_wand_slinger, layout_basic, serial_rivers,
          chequers_serial_rivers_micro_d, chequers_serial_rivers_micro_e,
          chequers_serial_rivers_micro_c, chequers_serial_rivers_small_3,
          chequers_serial_rivers_small_b
D:7:      layout_cave_pods, minmay_temple_entry_mini_moons, enter_bailey_2,
          minmay_joined_circles
D:8:      layout_cave_pods, lair_entry_dummy
D:9:      layout_basic, gammafunk_temple_overflow_forgotten, orc_david_3,
          uniq_erica
D:10:     layout_grid_maze, nicolae_shop_fire_sale [nicolae_sub_dead_trees],
          eino_jars, uniq_sonja, uniq_snorg
D:11:     layout_cave_pods, minmay_puff
D:12:     layout_loops_ring, special_room [special_room_orc],
          nicolae_danse_macabre
D:13:     layout_gridville, gammafunk_ghost_wrathful_warriors, serial_glass,
          glass_columns_a, glass_columns_a, feat_on_display,
          due_unseen_surprise, uniq_urug
D:14:     layout_basic, erik_vaults_2, serial_shops, shop
Temple:   nicolae_temple_bog_church
Lair:1:   layout_roguey
Lair:2:   layout_hall_layers, elwin_shoals_entry_rocks, beast_lair_carwin_7
Lair:3:   layout_roguey [special_room_mythical_zoo],
          spider_nest_entry_funnel_web, gauntlet_entry_generic,
          grunt_megastairs_1, uniq_rupert
Lair:5:   evil_forest, layout_gridlike, nicolae_slime_entry_slimehenge,
          chequers_serial_rivers_room_b, lemuel_oklob_altar

Skill      XL: |  1  2  3  4  5  6  7  8  9 10 11 12 13 |
---------------+----------------------------------------+-----
Armour         | 4 5 6 8 9 10 12 13 | 13.9
Fighting       | 4 5 6 7 8 9 11 12 | 12.2
Long Blades    | 3 4 5 6 7 9 12 14 | 14.2
Shields        | 4 5 6 7 8 10 12 | 12.2
Dodging        | 1 2 3 4 5 6 |  6.6
Axes           | 1 5 8 11 12 | 12.3
Stealth        | 1 2 |  2.2
Invocations    | 1 |  1.5
Unarmed Combat | |  0.8
Evocations     | |  0.9

Action                     |  1- 3 |  4- 6 |  7- 9 | 10-12 | 13-15 || total
---------------------------+-------+-------+-------+-------+-------++-------
  Melee: Long sword        |    68 |   238 |    27 |       |       ||   333
         Headbutt          |     8 |    32 |    35 |   143 |   111 ||   329
         Hand axe          |       |       |   176 |   222 |    38 ||   436
         Unarmed           |       |       |    15 |       |       ||    15
         Scimitar          |       |       |       |   290 |   347 ||   637
 Invoke: Heroism           |       |       |       |    15 |     1 ||    16
  Evoke: Wand              |       |       |       |     4 |       ||     4
    Use: Scroll            |       |     7 |     5 |    10 |     4 ||    26
         Potion            |       |     2 |     8 |     1 |     4 ||    15
 Armour: Scale mail        |    34 |   133 |   110 |    13 |       ||   290
         Chain mail        |       |       |       |   261 |   147 ||   408
  Dodge: Dodged            |    28 |   148 |   141 |   208 |   149 ||   674
  Block: Buckler           |    11 |    88 |    52 |   249 |   218 ||   618
         Reflection        |       |       |       |    11 |    12 ||    23
